 Dungeon Crawl Stone Soup version 0.29.0-11-gd7f09526c8 (webtiles) character file.

Game seed: 12732123453908487631

2168 CrazyBamboolord the Ogre Mage (level 9, -4/85 HPs)
             Began as an Ogre Fire Elementalist on Sept 4, 2022.
             Was a Follower of Vehumet.
             Slain by a seven-headed hydra (9 damage)
             ... on level 7 of the Dungeon.
             The game lasted 00:22:11 (8452 turns).

CrazyBamboolord the Ogre Mage (OgFE)                Turns: 8452, Time: 00:22:11

Health: -4/85      AC:  3    Str: 16    XL:     9   Next: 32%
Magic:  12/20      EV: 10    Int: 18    God:    Vehumet [*.....]
Gold:   354        SH:  0    Dex:  9    Spells: 13/23 levels left

rFire   . . .      SeeInvis .   i - +2 hand axe (freeze)
rCold   . . .      Faith    .   (no shield)
rNeg    . . .      Spirit   .   a - +0 robe
rPois   +          Reflect  .   (helmet restricted)
rElec   .          Harm     .   (no cloak)
rCorr   .          Rampage  .   (gloves unavailable)
Will    .....                   (boots unavailable)
Stlth   +.........              s - amulet of the acrobat
HPRegen 0.24/turn               q - ring of poison resistance
MPRegen 0.17/turn               (no ring)

@: very slightly contaminated
A: large, unfitting armour, tough skin 1
a: Renounce Religion


You were on level 7 of the Dungeon.
You worshipped Vehumet.
Vehumet was aware of your devotion.
You visited 2 branches of the dungeon, and saw 8 of its levels.

You collected 354 gold pieces.

Inventory:

Hand Weapons
 i - a +2 hand axe of freezing (weapon)
Armour
 a - a +0 robe (worn)
Jewellery
 q - a ring of poison resistance (left hand)
 s - an amulet of the acrobat (around neck)
 D - a ring of see invisible
Wands
 b - a wand of polymorph (3)
 t - a wand of roots (8)
 u - a wand of digging (12)
 y - a wand of light (19)
Scrolls
 d - 2 scrolls of enchant armour
 f - 2 scrolls of fear
 g - 4 scrolls of fog {unknown}
 j - 3 scrolls of teleportation
 l - a scroll of amnesia {unknown}
 p - a scroll of vulnerability {unknown}
 v - a scroll of noise {unknown}
 w - 2 scrolls of silence {unknown}
 B - a scroll of identify
 C - 2 scrolls of immolation {unknown}
 E - a scroll of poison {unknown}
Potions
 c - 2 potions of brilliance {unknown}
 e - a potion of heal wounds
 h - 3 potions of lignification {unknown}
 k - 3 potions of mutation
 m - a potion of degeneration {unknown}
 n - 5 potions of berserk rage {unknown}
 o - 2 potions of cancellation {unknown}
 r - 2 potions of haste {unknown}
 x - 2 potions of flight
 z - 3 potions of curing {unknown}
 A - a potion of ambrosia {unknown}


   Skills:
 * Level 4.5 Fighting
 + Level 1.3 Axes
 * Level 3.8 Dodging
 - Level 1.4 Stealth
 * Level 7.9 Spellcasting
 * Level 3.2 Conjurations
 * Level 2.7 Hexes
 * Level 6.5 Fire Magic


You had 13 spell levels left.
You knew the following spells:

 Your Spells              Type           Power      Damage    Failure   Level
a - Foxfire               Conj/Fire      96%        2x1d8     1%          1
b - Scorch                Fire           60%        2d8       1%          2
c - Inner Flame           Hex/Fire       23%        N/A       4%          3
d - Flame Wave            Conj/Fire      24%        2d8       13%         4

Your spell library contained the following spells:

 Spells                   Type           Power      Damage    Failure   Level
 Shock                    Conj/Air       52%        1d6       4%          1
 Conjure Flame            Conj/Fire      24%        6-21      4%          3
 Sublimation of Blood     Necr           7%         N/A       16%         2
 Wereblood                Tmut           7%         N/A       16%         2
 Summon Ice Beast         Ice/Summ       7%         N/A       69%         4
 Summon Mana Viper        Hex/Summ       12%        N/A       83%         5
 Monstrous Menagerie      Summ           3%         N/A       100%        7
 Summon Hydra             Summ           3%         N/A       100%        7


Dungeon Overview and Level Annotations

Branches:
Dungeon (7/15)             Temple (1/1) D:4

Altars:
Cheibriados
Dithmenos
Elyvilon
Fedhas
Kikubaaqudgha
Makhleb
Nemelex Xobeh
Okawaru
Sif Muna
Vehumet
Xom
Yredelemnul
Zin
Lugonu


Innate Abilities, Weirdness & Mutations

You are too large for most types of armour.
You have tough skin. (AC +1)


Message History

You are very lightly contaminated with residual magic.
Nothing appears to happen.
Casting: Scorch (safe; 1% risk of failure)
Confirm with . or Enter, or press ? or * to list all spells.
Flames lash the seven-headed hydra.
The seven-headed hydra is burned terribly!
The seven-headed hydra is moderately wounded.
The seven-headed hydra closely misses you. x2
The seven-headed hydra barely misses you.
The seven-headed hydra completely misses you.
The seven-headed hydra bites you!
The seven-headed hydra closely misses you.
The seven-headed hydra barely misses you.
Casting: Scorch (safe; 1% risk of failure)
Confirm with . or Enter, or press ? or * to list all spells.
You don't know that spell.
Casting: Scorch (safe; 1% risk of failure)
Confirm with . or Enter, or press ? or * to list all spells.
You conjure some foxfire!
The seven-headed hydra bites you! The seven-headed hydra bites you.
The seven-headed hydra closely misses you.
The seven-headed hydra bites you but does no damage. x2
The seven-headed hydra bites you!
The seven-headed hydra bites you but does no damage.
The foxfire hits the seven-headed hydra!
The seven-headed hydra is burned terribly!
The seven-headed hydra is moderately wounded.
The foxfire hits the seven-headed hydra.
The seven-headed hydra is moderately wounded.
Casting: Foxfire (safe; 1% risk of failure)
Confirm with . or Enter, or press ? or * to list all spells.
Flames lash the seven-headed hydra.
The seven-headed hydra is burned terribly!
The seven-headed hydra is heavily wounded.
The seven-headed hydra bites you! x2
* * * LOW HITPOINT WARNING * * *
The seven-headed hydra bites you!
* * * LOW HITPOINT WARNING * * *
The seven-headed hydra bites you!
You die...

# ### #. #.. #. #####.#.#
######## #..#<.D..#.#
#....... #..#######.#
#.######
####....§...#.####.######
.......D§................
.###...#@.#.#.########.##
#...#[.#.#.# ....
#)..#..#.#.# #.##
#...#..#.#.# ....#..#.#.#
##.#.#..#.#.#
#.#.#).#.#.# #..#.#.#
...#.# .#


You could see a seven-headed hydra (combustible).

Vanquished Creatures
  Grinder (D:4)
  Eustachio (D:5)
  2 steam dragons (D:7)
  Edmund (D:4)
  Menkaure (D:4)
  2 water moccasins (D:7)
  An orc warrior (D:7)
  3 ogres
  A centaur (D:6)
  A phantom (D:5)
  2 scorpions (D:6)
  2 jellies
  A hound (D:5)
  An orc priest (D:4)
  A gnoll bouda (D:5)
  Ijyb (D:4)
  Natasha (thrice) (D:3)
  An orc wizard (D:7)
  6 gnolls
  5 adders
  2 white imps
  2 ufetubi
  2 worms (D:2)
  A dart slug (D:1)
  18 orcs
  9 endoplasms
  12 goblins
  9 hobgoblins
  6 jackals
  6 kobolds
  3 quokkas
  5 ball pythons
  7 bats
  3 frilled lizards
  8 rats
  A spectral hobgoblin (D:1)
131 creatures vanquished.

Vanquished Creatures (collateral kills)
  2 foxfires
2 creatures vanquished.

Vanquished Creatures (others)
  2 demonic plants (Temple)
  156 foxfires
  11 fungi (D:7)
  11 plants (D:1)
180 creatures vanquished.

Grand Total: 313 creatures vanquished

Notes
Turn   | Place    | Note
-------+----------+-------------------------------------------
     0 | D:1      | CrazyBamboolord the Ogre Fire Elementalist began the quest
                  | for the Orb.
     0 | D:1      | Reached XP level 1. HP: 16/16 MP: 3/3
   157 | D:1      | Reached skill level 1 in Conjurations
   261 | D:1      | Reached XP level 2. HP: 26/26 MP: 1/5
   628 | D:1      | Learned a level 2 spell: Scorch
   834 | D:1      | Reached XP level 3. HP: 26/32 MP: 5/7
   887 | D:1      | Found a faded altar of an unknown god.
   941 | D:1      | Reached skill level 1 in Fighting
   941 | D:1      | Reached skill level 3 in Spellcasting
  1567 | D:2      | Learned a level 3 spell: Inner Flame
  1807 | D:2      | Reached XP level 4. HP: 41/41 MP: 1/8
  2320 | D:3      | Noticed Natasha
  2325 | D:3      | Killed Natasha
  2357 | D:3      | Noticed Natasha
  2368 | D:3      | Killed Natasha
  2369 | D:3      | Reached XP level 5. HP: 15/48 MP: 0/10
  2999 | D:3      | Noticed Natasha
  3006 | D:3      | Killed Natasha
  3007 | D:3      | Reached skill level 4 in Spellcasting
  3390 | D:4      | Noticed Ijyb
  3398 | D:4      | Killed Ijyb
  3513 | D:4      | Reached XP level 6. HP: 57/57 MP: 7/12
  3560 | D:4      | Noticed Menkaure
  3563 | D:4      | Killed Menkaure
  3645 | D:4      | Reached skill level 5 in Spellcasting
  3645 | D:4      | Reached skill level 1 in Hexes
  3791 | D:4      | Noticed Edmund
  3890 | D:4      | Killed Edmund
  3891 | D:4      | Reached XP level 7. HP: 15/66 MP: 9/15
  4282 | D:4      | Noticed Grinder
  4296 | D:4      | Killed Grinder
  4541 | D:4      | Reached skill level 6 in Spellcasting
  4541 | D:4      | Reached skill level 5 in Fire Magic
  4603 | D:4      | Found a staircase to the Ecumenical Temple.
  4632 | Temple   | Entered the Ecumenical Temple
  4679 | Temple   | Became a worshipper of Vehumet
  5112 | D:4      | Reached XP level 8. HP: 63/75 MP: 7/17
  5289 | D:5      | Entered Level 5 of the Dungeon
  5295 | D:5      | Learned a level 4 spell: Flame Wave
  5324 | D:5      | Found a blossoming altar of Fedhas.
  5466 | D:5      | Found a shimmering altar of Xom.
  5755 | D:5      | HP: 2/75 [gnoll bouda/+0 whip (11)]
  6138 | D:5      | Found a snail-covered altar of Cheibriados.
  6168 | D:5      | Found a burning altar of Makhleb.
  6169 | D:5      | Noticed Eustachio
  6174 | D:5      | Killed Eustachio
  6710 | D:6      | Reached skill level 1 in Axes
  6827 | D:6      | Reached skill level 7 in Spellcasting
  7591 | D:6      | Found an ancient bone altar of Kikubaaqudgha.
  7591 | D:6      | Found a glowing silver altar of Zin.
  7727 | D:7      | Noticed a seven-headed hydra
  7777 | D:7      | Reached XP level 9. HP: 61/84 MP: 5/20
  8014 | D:7      | Identified the +2 leather armour of the Shining One {Harm
                  | Fly rN+ Slay-4}
  8023 | D:7      | Reached * piety under Vehumet
  8023 | D:7      | Offered knowledge of Shock by Vehumet.
  8452 | D:7      | Slain by a seven-headed hydra

Illustrated notes

Levels and vault maps discovered:
D:1:      nicolae_arrival_somewhat_less_tricky_arrival, layout_loops_cross,
          dreamdust_ecumenical_altar_drowned_temple,
          hangedman_abyss_or_decor_stabs, minmay_misc_feat_four_crosses,
          chequers_serial_rivers_micro_e, serial_bayou_pond_c,
          minmay_pentomino_z4
D:2:      minmay_recursive_quarters, layout_rooms, minmay_splitting_lines
D:3:      minmay_spotlight, layout_loops_ring, uniq_natasha
D:4:      layout_loops_corners, minmay_temple_entry_statues,
          nrook_mini_backslash, kennysheep_generic_room_9, uniq_grinder,
          uniq_menkaure, uniq_ijyb, uniq_edmund
D:5:      layout_basic, cheibriados_altar_1, fedhas_ov_isle_minmay,
          mainiacjoe_overflow_alcove_1, amcnicky_altar_gilded, uniq_eustachio
D:6:      layout_basic, gammafunk_temple_overflow_pools
D:7:      kennysheep_steamy, layout_basic
Temple:   corrupted_temple

Skill      XL: |  1  2  3  4  5  6  7  8 |
---------------+-------------------------+-----
Conjurations   | 1 2 3 |  3.2
Fire Magic     | 3 4 5 6 |  6.5
Dodging        | 2 3 |  3.8
Fighting       | 1 2 3 4 |  4.5
Spellcasting   | 3 4 5 6 7 |  7.9
Hexes          | 1 2 |  2.7
Axes           | 1 |  1.3
Stealth        | |  1.4

Action                   |  1- 3 |  4- 6 |  7- 9 || total
-------------------------+-------+-------+-------++-------
Melee: Unarmed           |    26 |    22 |       ||    48
       Hand axe          |    12 |    24 |    51 ||    87
       Punch             |       |       |     2 ||     2
 Cast: Foxfire           |    38 |    22 |    31 ||    91
       Scorch            |     8 |    45 |    82 ||   135
       Inner Flame       |       |       |     4 ||     4
  Use: Scroll            |       |     4 |     3 ||     7
       Potion            |       |     1 |     3 ||     4
 Stab: Sleeping          |     2 |       |     1 ||     3
Armor: Robe              |     7 |     8 |    22 ||    37
       Skin              |       |     2 |       ||     2
Dodge: Dodged            |    31 |    31 |    79 ||   141
